 Dungeon Crawl Stone Soup version 0.21-a0-496-g696f58f (webtiles) character file.

1288 tof the Carver (level 8, 0/65 HPs)
             Began as a Barachi Berserker on Nov 23, 2017.
             Was a Believer of Trog.
             Slain by a wyvern (10 damage)
             ... on level 6 of the Dungeon.
             The game lasted 00:07:09 (5655 turns).

tof the Carver (Barachi Berserker)                  Turns: 5655, Time: 00:07:10

Health: 0/65       AC: 12    Str: 19    XL:     8   Next: 55%
Magic:  8/8        EV: 13    Int:  8    God:    Trog [**....]
Gold:   263        SH:  0    Dex: 13    Spells: 7/7 levels left

rFire    . . .     SeeInvis .   a - +0 falchion
rCold    . . .     Gourm    .   (no shield)
rNeg     . . .     Faith    .   l - +0 ring mail
rPois    .         Spirit   .   (no helmet)
rElec    .         Reflect  .   (no cloak)
rCorr    .         Harm     .   m - +0 pair of gloves
MR       .....                  (no boots)
Stlth    +.........             u - amulet of regeneration
HPRegen  0.60/turn              d - +5 ring of protection
MPRegen  0.11/turn              (no ring)

@: berserk cooldown, slowed, very slow
A: +LOS, swims, slowness 1, strong legs 1
a: Hop, Berserk, Trog's Hand, Burn Spellbooks, Renounce Religion


You were on level 6 of the Dungeon.
You worshipped Trog.
Trog was pleased with you.
You were very hungry.

You visited 1 branch of the dungeon, and saw 6 of its levels.

You collected 263 gold pieces.

Inventory:

Hand Weapons
 a - a +0 falchion (weapon)
 q - a +0 club
Missiles
 s - 2 throwing nets (quivered)
Armour
 l - a +0 ring mail (worn)
 m - a +0 pair of gloves (worn)
Jewellery
 d - a +5 ring of protection (left hand)
 u - an amulet of regeneration (around neck)
 z - an uncursed ring of positive energy {unknown}
Scrolls
 e - a scroll of fog {unknown}
 g - 2 scrolls of blinking {unknown}
 i - 3 scrolls of amnesia {unknown}
 k - 2 scrolls of remove curse {unknown}
 p - 4 scrolls of identify {unknown}
 t - a scroll of enchant armour {unknown}
 y - a scroll of teleportation {unknown}
Potions
 j - a potion of curing {unknown}
 n - 2 potions of degeneration {unknown}
 o - 2 potions of heal wounds {unknown}
 r - 2 potions of lignification {unknown}
 v - 2 potions of haste {unknown}
 x - 2 potions of mutation {unknown}
Books
 w - a book of Minor Magic

   Spells                             Type                      Level
   a - Magic Dart                     Conjuration                  1
   b - Blink                          Translocation                2
   c - Call Imp                       Summoning                    2
   d - Slow                           Hexes                        2
   e - Conjure Flame                  Conjuration/Fire             3
   f - Mephitic Cloud                 Conjuration/Poison/Air       3
   Trog disapproves of the use of such an item.
Comestibles
 b - 2 meat rations
 c - 5 bread rations
 f - 3 royal jellies
 h - 5 fruits


   Skills:
 + Level 6.6 Fighting
 * Level 8.2 Long Blades
 + Level 5.9 Armour
 + Level 5.5 Dodging


You had 7 spell levels left.
You didn't know any spells.

Dungeon Overview and Level Annotations

Branches:
Dungeon (6/15)
 Temple: D:4-7

Altars:
Zin


Innate Abilities, Weirdness & Mutations

Shadows flee at your approach. (+LOS)
You can swim through water.
You cover ground slowly.
You can hop short distances.


Message History

* * * LOW HITPOINT WARNING * * *
The gnoll sergeant hits you from afar with a trident.
* * * LOW HITPOINT WARNING * * *
The orc closely misses you.
The gnoll hits you from afar with a spear.
* * * LOW HITPOINT WARNING * * *
The gnoll barely misses you. The wyvern bites you.
* * * LOW HITPOINT WARNING * * *
The gnoll sergeant closely misses you.
You hit the wyvern.
The wyvern is almost dead.
The wyvern barely misses you.
You riposte.
You barely miss the wyvern.
The wyvern is almost dead.
The gnoll hits you but does no damage. The orc completely misses you.
The gnoll hits you from afar with a spear of freezing.
* * * LOW HITPOINT WARNING * * *
The gnoll freezes you.
* * * LOW HITPOINT WARNING * * *
The wyvern bites you!
You die...

...ยงยง.......#
.......(............#
....................#
....................#
....................#
....................# #####
....................# #...#
....................# #...#
................@...###...#######
..............gol)...............
...............gg.........#######
.................................
........................#########
........................#
....................#.#.#
....................#.#.#
....................#.#.#


You could see a wyvern, a gnoll sergeant, 2 gnolls and an orc.

Vanquished Creatures
  Eustachio (D:4)
  The ghost of Ijustatesigmund the Charlatan, an amateur OpAr (D:3)
  An ice beast (D:5)
  A phantom (D:4)
  An ogre (D:5)
  A centaur (D:5)
  A gnoll sergeant (D:6)
  2 howler monkeys
  2 crimson imps (D:5)
  3 hounds
  3 jellies
  Jessica (D:3)
  A hound skeleton (D:5)
  9 gnolls
  9 adders
  2 shadow imps (D:5)
  An adder skeleton (D:5)
  A worm (D:2)
  3 dart slugs (D:1)
  4 leopard geckos
  12 orcs
  5 bats
  A giant cockroach (D:1)
  4 goblins
  4 hobgoblins
  3 jackals (D:1)
  7 kobolds
  A quokka (D:6)
  2 ball pythons (D:3)
  2 frilled lizards
89 creatures vanquished.

Notes
Turn   | Place    | Note
-------+----------+-------------------------------------------
     0 | D:1      | tof the Barachi Berserker began the quest for the Orb.
     0 | D:1      | Reached XP level 1. HP: 18/18 MP: 1/1
    49 | D:1      | Reached XP level 2. HP: 8/25 MP: 2/2
  1174 | D:2      | Reached skill level 4 in Long Blades
  1174 | D:2      | Reached XP level 3. HP: 23/30 MP: 3/3
  1431 | D:2      | Reached XP level 4. HP: 22/38 MP: 4/4
  1936 | D:2      | Found a glowing silver altar of Zin.
  2581 | D:3      | Reached XP level 5. HP: 38/43 MP: 5/5
  2708 | D:3      | Noticed Jessica
  2716 | D:3      | Killed Jessica
  2771 | D:3      | Noticed Ijustatesigmund's ghost (amateur OpAr)
  2780 | D:3      | Killed Ijustatesigmund's ghost
  2780 | D:3      | Reached skill level 5 in Fighting
  2780 | D:3      | Reached skill level 5 in Long Blades
  2780 | D:3      | Reached XP level 6. HP: 51/51 MP: 6/6
  3017 | D:3      | Reached ** piety under Trog
  4122 | D:4      | Noticed Eustachio
  4151 | D:4      | Killed Eustachio
  4151 | D:4      | Reached skill level 6 in Long Blades
  4151 | D:4      | Reached XP level 7. HP: 37/56 MP: 7/7
  4364 | D:5      | Entered Level 5 of the Dungeon
  4380 | D:5      | Reached skill level 5 in Armour
  4449 | D:5      | Reached skill level 7 in Long Blades
  4496 | D:5      | Reached XP level 8. HP: 64/64 MP: 8/8
  4553 | D:5      | Reached skill level 5 in Dodging
  5373 | D:6      | Reached skill level 8 in Long Blades
  5637 | D:6      | Noticed a wyvern
  5655 | D:6      | Slain by a wyvern

Vault maps used:
D:1:      arrival_zaba_pyramid
D:2:      zin_academy, first_bread, dk_noncrumbling_2
D:3:      uniq_jessica
D:4:      uniq_eustachio
D:6:      minmay_temple_entry_purple_smoke

Skill      XL: |  1  2  3  4  5  6  7  8 |
---------------+-------------------------+-----
Fighting       | 4 5 6 |  6.6
Long Blades    | 4 5 6 7 8 |  8.2
Armour         | 3 4 5 |  5.9
Dodging        | 3 4 5 |  5.5

Action                   |  1- 3 |  4- 6 |  7- 9 || total
-------------------------+-------+-------+-------++-------
Melee: Falchion          |    71 |   205 |   205 ||   481
Invok: Berserk           |       |     1 |     3 ||     4
  Eat: Chunk             |     2 |    11 |     7 ||    20
Armor: Animal skin       |    24 |       |       ||    24
       Ring mail         |     1 |    77 |    91 ||   169
Dodge: Dodged            |    62 |   163 |   146 ||   371
       Rpst.: Falchion   |    21 |    52 |    44 ||   117

Table legend:
 A = Spawn XP
 B = Non-spawn XP
 C = Spawn XP percentage of total XP
 D = Spawn monster count
 E = Non-spawn monster count
 F = Spawn count percentage of total count
 G = Total turns spent on level
                    A         B        C        D         E        F      G
               +---------+---------+-------+---------+---------+-------+---------
         Total |       0 |    1840 |   0.0 |       0 |      89 |   0.0 |  5655
               +---------+---------+-------+---------+---------+-------+---------
           D:1 |       0 |      31 |   0.0 |       0 |      13 |   0.0 |  1138
           D:2 |       0 |     127 |   0.0 |       0 |      13 |   0.0 |  1232
           D:3 |       0 |     262 |   0.0 |       0 |      21 |   0.0 |  1271
           D:4 |       0 |     474 |   0.0 |       0 |      11 |   0.0 |   723
           D:5 |       0 |     766 |   0.0 |       0 |      23 |   0.0 |   993
           D:6 |       0 |     180 |   0.0 |       0 |       8 |   0.0 |   298
               +---------+---------+-------+---------+---------+-------+---------
